 Dungeon Crawl Stone Soup version 0.32-a0-468-g38b2580584 (webtiles) character file.

Game seed: 13715082047988666773

337 Strat the Chopper (level 6, -2/50 (53) HPs)
             Began as a Mountain Dwarf Fighter on Feb 24, 2024.
             Slain by a wight
             ... wielding a +2 flail of freezing
              (3 damage)
             ... on level 6 of the Dungeon.
             The game lasted 00:05:03 (3181 turns).

Strat the Chopper (Mountain Dwarf Fighter)          Turns: 3181, Time: 00:05:04

HP:   -2/50 (53)    AC:  6    Str: 20    XL:     6   Next: 28%
MP:   6/6           EV:  9    Int:  9    God:
Gold: 64            SH:  4    Dex:  9    Spells: 5/5 levels left

rFire   . . .        a - +0 war axe
rCold   . . .        c - +0 buckler
rNeg    + . .        b - +0 scale mail
rPois   +            t - +0 hat {Will+}
rElec   .            (no cloak)
rCorr   .            (no gloves)
SInv    .            (no boots)
Will    +....        (no amulet) Stlth
                     l - ring of positive energy
HPRegen 0.28/turn    v - ring of poison resistance
MPRegen 0.10/turn

%: no passive effects
@: mighty, drained
A: runic magic, artefact enchanting
a: no special abilities


You were on level 6 of the Dungeon.
You visited 1 branch of the dungeon, and saw 5 of its levels.

You collected 134 gold pieces.
You spent 70 gold pieces at shops.

Inventory:

Hand Weapons
 a - a +0 war axe (weapon)
Armour
 b - a +0 scale mail (worn)
 c - a +0 buckler (worn)
 k - a +0 helmet
 t - a +0 hat of willpower (worn)
Jewellery
 l - a ring of positive energy (left hand)
 v - a ring of poison resistance (right hand)
Wands
 j - a wand of polymorph (5)
Scrolls
 e - a scroll of fear
Potions
 f - a potion of lignification
 g - a potion of mutation
 h - 2 potions of curing
 i - a potion of brilliance
 m - a potion of heal wounds
 o - a potion of enlightenment {unknown}
 s - 2 potions of attraction {unknown}


   Skills:
 + Level 4.3 Fighting
 * Level 7.4 Axes
 - Level 3.2 Armour
 - Level 3.2 Shields


You had 5 spell levels left.
You didn't know any spells.
Your spell library contained the following spells:

 Spells                   Type           Power      Damage    Failure   Level
 Lesser Beckoning         Tloc           0%         N/A       69%         2
 Gell's Gravitas          Tloc           0%         N/A       89%         3
 Teleport Other           Tloc           0%         N/A       89%         3


Dungeon Overview and Level Annotations

Branches:
Dungeon (4/15)
 Temple: D:4-7

Altars:
Sif Muna

Shops:
D:4 !

Annotations:
D:2 1 runed translucent door, Crazy Yiuf
D:4 Dowan, Duvessa


Innate Abilities, Weirdness & Mutations

Your spellcasting is much less encumbered by armour.
You can use scrolls of enchantment on lesser artefacts.


Message History

There is an entrance to a sewer on this level.
Hurry and find it before the portal rusts away!
A wight comes into view. It is wielding a +2 flail of freezing.
Found a stone staircase leading down.
Okay, then.
You barely miss the wight.
The wight hits you with a +2 flail of freezing.
You partially resist.
You feel drained. The wight freezes you.
You hit the wight but do no damage.
The wight hits you with a +2 flail of freezing!
The wight freezes you.
* * * LOW HITPOINT WARNING * * *
You closely miss the wight.
The wight hits you with a +2 flail of freezing.
* * * LOW HITPOINT WARNING * * *
The wight freezes you.
* * * LOW HITPOINT WARNING * * *
You hit the wight.
The wight is moderately damaged.
The wight hits you with a +2 flail of freezing.
* * * LOW HITPOINT WARNING * * *
The wight freezes you.
* * * LOW HITPOINT WARNING * * *
You completely miss the wight.
The wight is moderately damaged.
The wight hits you with a +2 flail of freezing!
* * * LOW HITPOINT WARNING * * *
You partially resist.
You feel drained.
* * * LOW HITPOINT WARNING * * *
The wight freezes you.
* * * LOW HITPOINT WARNING * * *
You feel very mighty all of a sudden. The wight closely misses you.
You closely miss the wight.
The wight is moderately damaged.
The wight hits you with a +2 flail of freezing.
* * * LOW HITPOINT WARNING * * *
You partially resist.
You feel drained.
* * * LOW HITPOINT WARNING * * *
The wight freezes you.
You die...

........## ......#
.........###......#
.......#..........#
......###..##......
...... ##.#.......
..... #.........
#..... ##........
.z.....####z.......
..........@.#####.#
.........## #
..#....#..##
...#######.## #.
##.# # ###


You could see a wight.

Vanquished Creatures
  A scorpion (D:3)
  Natasha (thrice) (D:3)
  An orc wizard (D:2)
  An iguana (D:4)
  Robin (D:2)
  5 adders
  A ribbon worm (D:2)
  4 dart slugs
  3 orcs
  6 endoplasms
  17 goblins
  7 hobgoblins
  8 jackals
  4 kobolds
  3 quokkas
  7 ball pythons
  6 bats
  2 frilled lizards
  3 rats
83 creatures vanquished.

Notes
Turn   | Place    | Note
-------+----------+-------------------------------------------
     0 | D:1      | Strat the Mountain Dwarf Fighter began the quest for the
                  | Orb.
     0 | D:1      | Reached XP level 1. HP: 19/19 MP: 1/1
   152 | D:1      | Found a faded altar of an unknown god.
   166 | D:1      | Reached skill level 3 in Axes
   214 | D:1      | Reached XP level 2. HP: 23/26 MP: 2/2
   349 | D:1      | Reached skill level 4 in Axes
   674 | D:2      | Reached XP level 3. HP: 10/31 MP: 3/3
   806 | D:2      | Found a runed translucent door.
   807 | D:2      | Noticed Crazy Yiuf
   908 | D:2      | Noticed Robin
   961 | D:2      | Reached skill level 5 in Axes
   963 | D:2      | Killed Robin
   964 | D:2      | Reached XP level 4. HP: 38/38 MP: 4/4
  1302 | D:2      | Reached skill level 6 in Axes
  1797 | D:3      | Noticed Natasha
  1808 | D:2      | Reached XP level 5. HP: 24/45 MP: 5/5
  1907 | D:3      | Killed Natasha
  2141 | D:3      | Found a shimmering blue altar of Sif Muna.
  2193 | D:3      | Reached skill level 7 in Axes
  2279 | D:3      | Noticed Natasha
  2286 | D:3      | Killed Natasha
  2287 | D:3      | Reached XP level 6. HP: 52/52 MP: 6/6
  2611 | D:3      | Noticed Natasha
  2626 | D:3      | Killed Natasha
  2698 | D:4      | Noticed Dowan
  2699 | D:4      | Noticed Duvessa
  2999 | D:4      | Found Vuuh's Distillery.
  3115 | D:4      | Bought a potion of heal wounds for 70 gold pieces
  3145 | D:4      | You fall into a shaft and drop 2 floors!
  3181 | D:6      | HP: 2/51 [wight/+2 flail of freezing (6)]
  3181 | D:6      | Slain by a wight

Illustrated notes

Levels and vault maps discovered:
D:1:      dpeg_arrival_chambers_temple_mockup, layout_basic,
          chequers_ecumenical_altar_island, nicolae_twisty_statue_hallways
D:2:      layout_loops_ring, grunt_ministairs_6, uniq_robin,
          uniq_crazy_yiuf_cottage
D:3:      layout_loops_ring, mainiacjoe_overflow_concentric_impassable,
          st_stairs_7, uniq_natasha
D:4:      layout_loops_ring, serial_shops, nicolae_shop_waterfront,
          lightli_corner_chamber, uniq_duvessa
D:6:      layout_layer_cave, nicolae_overflow_crystal_walls, serial_shops,
          nicolae_diamond_shop, portal_sewer_entry_b

Skill      XL: |  1  2  3  4  5 |
---------------+----------------+-----
Axes           | 3 4 5 6 7 |  7.4
Fighting       | 4 |  4.3
Armour         | |  3.2
Shields        | |  3.2

Action                     |  1- 3 |  4- 6 || total
---------------------------+-------+-------++-------
  Melee: War axe           |    92 |   198 ||   290
    Use: Scroll            |       |    10 ||    10
         Potion            |       |     1 ||     1
 Armour: Scale mail        |    78 |   144 ||   222
         Skin              |    12 |     1 ||    13
  Dodge: Dodged            |    40 |    95 ||   135
  Block: Buckler           |    21 |    26 ||    47

Table legend: (Time is in decaauts)
 A = Elapsed time spent in this place.
 B = Non-inter-level travel time spent in this place.
 C = Inter-level travel time spent in this place.
 D = Time resting spent in this place.
 E = Time spent auto-exploring this place.
 F = Levels seen in this place.
 G = Mean time per level.
                   A        B        C        D        E       F      G
               +--------+--------+--------+--------+--------+-----+--------+
         Total |   3254 |   3119 |    135 |    314 |   1984 |   5 |  650.8 |
       Dungeon |   3254 |   3119 |    135 |    314 |   1984 |   5 |  650.8 |
               +--------+--------+--------+--------+--------+-----+--------+

Top non-repeatable levels by time:
     D:2: 1267 daAuts
     D:3: 887 daAuts
     D:1: 642 daAuts
     D:4: 420 daAuts
     D:6: 36 daAuts
